[Event "Grand Prix Romania 1st Stage 2024"]
[Site "Bucuresti"]
[Date "2024.03.24"]
[Round "6.32"]
[White "Veneteanu, Mihai"]
[Black "Sokolov, Ivan"]
[Result "1-0"]
[ECO "C94"]
[WhiteElo "2026"]
[BlackElo "2590"]
[Annotator "TA"]
[PlyCount "79"]
[EventDate "2024.03.20"]
[EventType "swiss"]
[EventCountry "ROU"]
[SourceTitle "playchess.com"]
[Source "ChessBase"]
[SourceQuality "1"]
[TimeControl "900+5"]

1. e4 e5 2. Nf3 Nc6 3. Bb5 a6 4. Ba4 Nf6 5. O-O Be7 6. Re1 b5 7. Bb3 d6 8. c3 O-O 9. h3 Nb8 10. a4 Bb7 11. d3 Nbd7 12. Nbd2 Nc5 13. Bc2 Nxa4 {[%emt 0:00:14] White has an edge.} 14. Bxa4 bxa4 15. Qxa4 Re8 16. Nc4 Bf8 (16... Bc8 $14) 17. Na5 ({Better is} 17. Bg5 $16) 17... Bc8 $14 18. Bg5 Re6 {[%emt 0:00:08] [#]} (18... Bd7 $14 19. Qd1 h6) 19. d4 $1 $16 {[%emt 0:01:20] White is much more active.} Bd7 20. Nc6 $36 {[%emt 0:02:04][%mdl 2048] Keeping Black busy.} Qe8 21. d5 Bxc6 22. Qxc6 (22. dxc6 $16 Rb8 23. Qxa6) 22... Qxc6 $14 23. dxc6 {[%emt 0:00:01] aiming for Bxf6.} Ree8 (23... d5 $1 $14) 24. Bxf6 gxf6 25. Nd2 {[%emt 0:00:02] Black is weak on the light squares} Reb8 {[%emt 0:02:28] [#]} 26. Nc4 Rb5 (26... a5 $16 {was necessary.}) 27. b4 $18 Bh6 (27... f5 $142 28. exf5 Bh6) 28. Red1 f5 29. exf5 f6 $2 {[%emt 0:00:03] A mistake that costs the game.} (29... e4 $16 30. g4 Bg5) 30. Ra5 Kf7 $2 {[%emt 0:00:43] [#]} (30... Kf8 31. Kf1 e4) 31. Rxd6 $1 {[%emt 0:00:44][%mdl 512] White is clearly winning.} cxd6 32. Nxd6+ Ke7 33. Nxb5 {[%emt 0:00:02][%mdl 4096] Endgame. KRB-KRN} Bd2 34. Kf1 e4 35. Ke2 Bf4 36. g3 Bh6 37. Nc7 Rc8 38. Nd5+ Kd6 39. c7 Bf8 40. c4 {[%emt 0:00:02] Weighted Error Value: White=0.17 (very precise) /Black=0.60.  Loses game:     	---       	Black=1      Mistake:       	White=2     	Black=6      Inaccurate:     	White=1     	Black=2      OK:         	White=7     	Black=3      Best:        	---       	Black=1      Strong:       	White=1     	---        Brilliant:      	White=1     	---} (40. Rxa6+ Kxd5 41. Rxf6 Bg7 42. c4+ Kxc4 43. Rc6+ Kb5 $16) 1-0

[Event "Grand Prix Romania 1st Stage 2024"]
[Site "Bucuresti"]
[Date "2024.03.24"]
[Round "6.33"]
[White "Dragomirescu, Calin"]
[Black "Bernadskiy, Vitaliy"]
[Result "0-1"]
[ECO "E94"]
[WhiteElo "2019"]
[BlackElo "2573"]
[Annotator "RC"]
[PlyCount "112"]
[EventDate "2024.03.20"]
[EventType "swiss"]
[EventCountry "ROU"]
[SourceTitle "playchess.com"]
[Source "ChessBase"]
[SourceQuality "1"]
[TimeControl "900+5"]

1. Nf3 Nf6 2. c4 g6 3. Nc3 Bg7 4. d4 O-O 5. e4 d6 6. Be2 Nbd7 7. O-O e5 8. Be3 Qe7 9. Qc2 Re8 10. d5 Nh5 11. Rfe1 Nf4 12. Bf1 a5 13. g3 Nh5 14. Bh3 Ndf6 15. Bxc8 Raxc8 16. c5 Ng4 17. Bg5 Qd7 18. Qa4 Qxa4 19. Nxa4 f5 20. Bd2 fxe4 21. Ng5 e3 22. Bxe3 Nhf6 23. Rad1 Nxe3 24. Rxe3 e4 25. Rb3 Bh6 26. h4 dxc5 27. Rxb7 e3 28. f3 Re5 29. Nc3 Bxg5 30. hxg5 Rxg5 31. Kg2 Nh5 32. Ne2 Rd8 33. Rxc7 Rgxd5 34. Rxd5 Rxd5 35. f4 Rd2 36. Kf3 Rxb2 37. Rxc5 Rxa2 38. Kxe3 Ra3+ 39. Kf2 Nf6 40. Rc7 Ne4+ 41. Kg2 Re3 42. Nd4 Rxg3+ 43. Kh2 Rc3 44. Ra7 Rc4 45. Ne6 a4 46. Rg7+ Kh8 47. Ra7 h6 48. Ra8+ Kh7 49. Ra7+ Kg8 50. Rg7+ Kh8 51. Rxg6 a3 52. f5 a2 53. Rxh6+ Kg8 54. Rg6+ Kf7 55. Rg7+ Kf6 56. Ra7 Nc3 0-1

[Event "Grand Prix Romania 1st Stage 2024"]
[Site "Bucuresti"]
[Date "2024.03.24"]
[Round "6.34"]
[White "Sofronie, Iulian"]
[Black "Puskas, Andras"]
[Result "1/2-1/2"]
[ECO "D00"]
[WhiteElo "2395"]
[BlackElo "2097"]
[Annotator "TA"]
[PlyCount "194"]
[EventDate "2024.03.20"]
[EventType "swiss"]
[EventCountry "ROU"]
[SourceTitle "playchess.com"]
[Source "ChessBase"]
[SourceQuality "1"]
[TimeControl "900+5"]

1. d4 d5 2. Bf4 Nf6 3. e3 c5 4. c3 Qb6 5. Qb3 c4 6. Qc2 {[%emt 0:00:01] D00: Damenbauernspiele.} Nc6 7. Nd2 e6 8. Ngf3 Be7 9. Be2 O-O 10. h3 Bd7 11. Ne5 Rfc8 $146 ({Predecessor:} 11... Nxe5 12. dxe5 Ne8 13. O-O f5 14. Nf3 Qd8 15. b3 b5 16. Nd4 Nc7 17. g4 fxg4 18. hxg4 {1-0 Simic,R (2361)-Ivanovic,N (2227) Belgrade-chT Quality 2015 (6)}) 12. O-O Qd8 13. Bf3 b5 14. e4 Be8 15. Rfe1 a5 16. exd5 Nxd5 17. Bg3 Nxe5 18. Bxe5 Bc6 19. Ne4 Nf6 20. Rad1 Nxe4 21. Bxe4 Bxe4 22. Qxe4 Bf8 23. d5 exd5 24. Rxd5 Qb6 25. Bd4 Qc6 26. Rg5 Qd7 27. Qf4 Ra6 28. a3 Rg6 29. Rxg6 hxg6 30. Qe5 Qc6 31. h4 Rd8 32. Re3 Qd7 33. h5 f6 34. Qh2 Bd6 35. g3 gxh5 36. Qxh5 Bf8 37. Re4 Qd5 38. Qe2 b4 (38... Kf7 $11) 39. axb4 axb4 40. cxb4 Bxb4 41. Bc3 Bxc3 42. bxc3 Qd3 43. Qg4 Qd1+ 44. Qxd1 Rxd1+ 45. Kg2 Rc1 46. Rxc4 Kf7 47. Rc7+ Ke6 48. Kf3 (48. Rxg7 Rxc3 49. Kf1 Rc4 $11) 48... Kd6 49. Rc8 ({Ein No Go ist} 49. Rxg7 Rxc3+ 50. Kg4 Ke6) 49... g6 50. Ke3 Rd1 $2 (50... Ke6 $14) 51. f3 $2 (51. Rd8+ {setzt Matt} Kc6 52. Rxd1 Kc5 53. Rb1 Kd5 54. Rc1 Kc4 55. Ke4 f5+ 56. Kf4) 51... Kd7 (51... Rg1 $14) 52. Rg8 $18 g5 {[%emt 0:00:06] [#]} 53. Ra8 $2 (53. g4 $1 $18) 53... Rc1 $11 54. Ra3 Rd1 $2 (54... f5 $1 $11) 55. Ke4 $18 Ke6 56. c4 ({Besser ist} 56. g4 $16) 56... f5+ $11 57. Ke3 Rg1 58. Ra6+ Kf7 59. Kf2 Rc1 60. Rc6 Rc3 61. Ke2 Rc2+ 62. Kf1 Ke7 63. Rg6 Rxc4 64. Rxg5 Kf6 65. Rg8 Rc2 66. Re8 Ra2 67. Re2 Ra3 68. Kg2 Rc3 69. f4 Ra3 70. Rb2 Rc3 71. Rb6+ Kf7 72. Kh3 Ra3 73. Kh4 Rc3 74. Rh6 Kg7 75. Rh5 Kg6 76. Rg5+ Kf6 77. Kh5 Ra3 78. Rg8 Kf7 79. Rg6 Rb3 80. Rg5 Kf6 81. Kh4 Rb1 82. Kh3 Rh1+ 83. Kg2 Ra1 84. Rg8 Kf7 85. Rd8 Kf6 86. Rd3 Rb1 87. Kf3 Rf1+ 88. Ke3 Re1+ 89. Kd4 Re4+ 90. Kd5 Re8 91. Kc6 Kg6 92. Kd7 Re1 93. Rd6+ Kh5 94. Re6 (94. Rf6 $5 Kg4 $8 95. Rg6+ Kf3 96. Kd6 $11) 94... Rd1+ 95. Ke7 Kg4 96. Kf6 Rd3 97. Re8 Rxg3 1/2-1/2

[Event "Grand Prix Romania 1st Stage 2024"]
[Site "Bucuresti"]
[Date "2024.03.24"]
[Round "6.35"]
[White "Magold, Filip"]
[Black "Stan, Andrei-Mihaita"]
[Result "1-0"]
[ECO "A26"]
[WhiteElo "2403"]
[BlackElo "2042"]
[Annotator "TA"]
[PlyCount "81"]
[EventDate "2024.03.20"]
[EventType "swiss"]
[EventCountry "ROU"]
[SourceTitle "playchess.com"]
[Source "ChessBase"]
[SourceQuality "1"]
[TimeControl "900+5"]

1. c4 e5 2. d3 Nc6 3. Nf3 g6 4. g3 Bg7 5. Bg2 Nge7 6. Nc3 O-O 7. O-O d6 8. Rb1 a5 9. a3 f5 10. Bd2 h6 11. b4 axb4 12. axb4 Nd4 13. Nxd4 {[%emt 0:01:50] White is slightly better.} exd4 14. Nd5 c6 15. Nxe7+ Qxe7 16. b5 c5 (16... Bd7 $14) 17. Re1 $16 Kh7 18. e3 dxe3 19. Bxe3 Qf6 20. h4 Ra3 (20... Ra7 $16 {was worth a try.} 21. Bf4 Qd8) 21. Bc1 $18 Ra1 (21... Ra2 $142 22. Qb3 Ra8) 22. Rxa1 Qxa1 23. Re7 {[%emt 0:00:04][%cal Od1d2] [#] And now Qd2! would win.} Qf6 $2 (23... f4 {is a better defense.} 24. gxf4 (24. Bxb7 Bxb7 25. Rxb7 fxg3 $17) 24... Kh8) 24. Qe2 (24. Rc7 $142) 24... Rf7 25. Rxf7 (25. Re8 $18 Rf8 26. h5) 25... Qxf7 $16 26. Bd5 Qf8 27. b6 Bf6 (27... Qd8 $2 28. h5 $18) 28. Bf4 Qe7 29. Qd2 {[%emt 0:00:48] White is much more active.} Bg7 (29... g5 $14 30. hxg5 hxg5) 30. Qa5 (30. Kg2 $16) 30... g5 $14 31. hxg5 hxg5 32. Qa8 (32. Be3 $14 Bf6 33. Qa8) 32... Bd7 $2 (32... Qe1+ $11 33. Kg2 Bd4) 33. Be3 $18 f4 34. Be4+ Kh6 35. gxf4 {[%emt 0:00:01] [#] Strongly threatening Qg8.} gxf4 36. Bxf4+ Kh5 37. Qg8 {[%emt 0:00:16] Threatening mate with Qh7+.} Qf6 38. Qh7+ Kg4 39. Bg3 (39. Be3 $142 Bh6 40. Qxd7+ (40. Bxh6 Bf5 $18) 40... Kh4 41. Bxh6 (41. Qxb7 Bxe3 42. Qh7+ Bh6 $18) 41... Qxh6 42. Qd8+ (42. Bxb7 Qc1+ 43. Kh2 Qf4+ 44. Kh1 Qc1+ 45. Kg2 Qg5+ 46. Kf3 Qf6+ 47. Kg2 Qg5+ 48. Kf3 Qf6+ 49. Kg2 Qg5+ $11) 42... Kg4 43. Qg8+ (43. Bxb7 Qg7 $18) 43... Qg5 44. Qxg5+ Kxg5 45. Bxb7) 39... Bc8 40. f3+ Kxg3 41. Qh2# {[%emt 0:00:02] Weighted Error Value: White=0.32/Black=0.72.  Loses game:     	---       	Black=1      Mistake:       	White=4     	Black=5      Inaccurate:     	White=3     	Black=2      OK:         	White=11    	Black=3      Best:        	White=1     	Black=4} 1-0

[Event "Grand Prix Romania 1st Stage 2024"]
[Site "Bucuresti"]
[Date "2024.03.24"]
[Round "6.36"]
[White "Bulau, Andrei-Cristian"]
[Black "Mozes, Ervin"]
[Result "1-0"]
[ECO "A81"]
[WhiteElo "2142"]
[BlackElo "1975"]
[Annotator "NA COMBH"]
[PlyCount "39"]
[EventDate "2024.03.20"]
[EventType "swiss"]
[EventCountry "ROU"]
[SourceTitle "playchess.com"]
[Source "ChessBase"]
[SourceQuality "1"]
[TimeControl "900+5"]

1. d4 c6 2. c4 d6 3. Nc3 e5 4. Nf3 Qc7 5. g3 f5 6. dxe5 dxe5 7. Bg2 Nf6 8. O-O Be6 9. b3 Nbd7 10. Bb2 Be7 11. Rc1 g6 12. Nd5 Bxd5 13. cxd5 c5 14. Ng5 Nf8 15. b4 c4 16. Qa4+ N6d7 17. Ne6 Qd6 18. Rxc4 Nxe6 19. dxe6 Qxe6 20. Rc7 1-0

[Event "Grand Prix Romania 1st Stage 2024"]
[Site "Bucuresti"]
[Date "2024.03.24"]
[Round "6.37"]
[White "Filev, Georgi"]
[Black "Caraba, Alexandru"]
[Result "1-0"]
[ECO "B04"]
[WhiteElo "2210"]
[BlackElo "1944"]
[Annotator "RC"]
[PlyCount "63"]
[EventDate "2024.03.20"]
[EventType "swiss"]
[EventCountry "ROU"]
[SourceTitle "playchess.com"]
[Source "ChessBase"]
[SourceQuality "1"]
[TimeControl "900+5"]

1. e4 Nf6 2. e5 Nd5 3. d4 d6 4. Nf3 g6 5. Bc4 Nb6 6. Bb3 Bg7 7. a4 dxe5 8. a5 N6d7 9. Bxf7+ Kxf7 10. Ng5+ Kg8 11. Ne6 Qe8 12. Nxc7 Qf7 13. Nxa8 exd4 14. O-O Na6 15. c3 dxc3 16. Nxc3 h6 17. Be3 Ndc5 18. Nc7 Nxc7 19. Bxc5 Kh7 20. Bxa7 Be6 21. Re1 Nd5 22. Bd4 Nxc3 23. bxc3 Bd5 24. Bxg7 Kxg7 25. Qd4+ Kh7 26. Rad1 Bc6 27. Qc5 Re8 28. a6 e6 29. a7 Qf4 30. Qe5 Qg4 31. f3 Bxf3 32. Rd7+ 1-0

[Event "Grand Prix Romania 1st Stage 2024"]
[Site "Bucuresti"]
[Date "2024.03.24"]
[Round "6.38"]
[White "Ciolacu, Alessia-Mihaela"]
[Black "Manea, Alexandru"]
[Result "0-1"]
[ECO "D11"]
[WhiteElo "2175"]
[BlackElo "2287"]
[Annotator "RC"]
[PlyCount "122"]
[EventDate "2024.03.20"]
[EventType "swiss"]
[EventCountry "ROU"]
[SourceTitle "playchess.com"]
[Source "ChessBase"]
[SourceQuality "1"]
[TimeControl "900+5"]

1. d4 d5 2. c4 c6 3. Nf3 Nf6 4. e3 a6 5. c5 Bf5 6. Qb3 Qc7 7. Nc3 Nbd7 8. Be2 Bg4 9. Qc2 Bxf3 10. Bxf3 e5 11. Bd2 Be7 12. O-O h5 13. Be2 g6 14. b4 Ng4 15. f3 exd4 16. fxg4 hxg4 17. g3 dxc3 18. Bxc3 Rh7 19. Bxg4 f5 20. Bf3 Bf6 21. a4 Bxc3 22. Qxc3 Qe5 23. Qd2 Re7 24. Rfe1 Nf6 25. b5 axb5 26. Qb4 Kf7 27. Ra3 Rxa4 28. Rxa4 bxa4 29. Kf2 Ne4+ 30. Bxe4 Qxe4 31. Qxe4 Rxe4 32. Rb1 Rc4 33. Rxb7+ Ke6 34. Ra7 Rxc5 35. Rxa4 Rc2+ 36. Kg1 Ke5 37. g4 Rc4 38. Ra8 Rxg4+ 39. Kf2 Rc4 40. Rg8 Kf6 41. Kg3 Kg5 42. Rc8 Rc3 43. h4+ Kf6 44. Kf4 Rc4+ 45. Kf3 Kg7 46. Kg3 c5 47. Kf3 Rxh4 48. Rxc5 d4 49. exd4 Rxd4 50. Rc6 Ra4 51. Kg3 Kh6 52. Rc8 Kh5 53. Rc3 g5 54. Kh3 Rh4+ 55. Kg2 f4 56. Rc8 Kg4 57. Rc1 Rh7 58. Rc2 Ra7 59. Kh2 Ra3 60. Rg2+ Kh4 61. Rf2 Ra4 0-1

[Event "Grand Prix Romania 1st Stage 2024"]
[Site "Bucuresti"]
[Date "2024.03.24"]
[Round "6.39"]
[White "Antonica, Dragos-Andrei"]
[Black "Sabarez, Iulian"]
[Result "1-0"]
[ECO "D43"]
[WhiteElo "2366"]
[BlackElo "1945"]
[Annotator "RC"]
[PlyCount "57"]
[EventDate "2024.03.20"]
[EventType "swiss"]
[EventCountry "ROU"]
[SourceTitle "playchess.com"]
[Source "ChessBase"]
[SourceQuality "1"]
[TimeControl "900+5"]

1. d4 Nf6 2. c4 e6 3. Nf3 d5 4. Nc3 Bb4 5. Bg5 h6 6. Bh4 dxc4 7. e3 b5 8. Nd2 c6 9. a4 Bb7 10. Be2 Nbd7 11. O-O a6 12. e4 Be7 13. e5 Nd5 14. Bxe7 Nxc3 15. bxc3 Qxe7 16. Ne4 O-O 17. Nd6 Nb6 18. Bf3 Nd5 19. Bxd5 exd5 20. f4 Qc7 21. Qg4 Kh7 22. Rf3 c5 23. Rg3 Rg8 24. Qf5+ g6 25. Qf6 Raf8 26. Rh3 Bc8 27. f5 Bxf5 28. Nxf5 gxf5 29. Rxh6# 1-0

[Event "Grand Prix Romania 1st Stage 2024"]
[Site "Bucuresti"]
[Date "2024.03.24"]
[Round "7.1"]
[White "Sarana, Alexey"]
[Black "Sargsyan, Shant"]
[Result "0-1"]
[ECO "D58"]
[WhiteElo "2699"]
[BlackElo "2637"]
[Annotator "TA"]
[PlyCount "73"]
[EventDate "2024.03.20"]
[EventType "swiss"]
[EventCountry "ROU"]
[SourceTitle "playchess.com"]
[Source "ChessBase"]
[SourceQuality "1"]
[TimeControl "900+5"]

1. d4 d5 2. c4 e6 3. Nc3 Nf6 4. Bg5 Be7 5. e3 h6 6. Bh4 O-O 7. Qc2 b6 8. Nf3 Bb7 9. Bxf6 Bxf6 10. cxd5 exd5 11. Rd1 Nd7 12. g3 c5 13. Bg2 {[%emt 0:00:32] The position is equal.} Rc8 14. O-O Qe7 (14... b5 {is more complex.} 15. dxc5 Nxc5 16. Nxb5 Ba6) 15. Rfe1 Rfd8 16. h4 a6 17. Nh2 Qe6 18. Qe2 g6 19. Qf3 Nf8 20. Ng4 Bg7 21. Qf4 Kh7 22. Ne5 (22. e4 {seems wilder.} h5 23. Ne5 Bxe5 24. exd5 Bxf4 25. dxe6 Bxg2 26. e7) 22... f6 23. Nd3 c4 24. Nb4 a5 25. Nc2 g5 (25... f5 $11) 26. Qf3 g4 $1 27. Qe2 f5 28. f3 h5 ({Black should try} 28... Qd6 $14) 29. e4 $16 {[%emt 0:00:13] aiming for exf5.} gxf3 30. Qxf3 fxe4 31. Qxh5+ Qh6 32. Qf5+ Qg6 33. Bh3 (33. Rf1 $1 $16) 33... Rc7 (33... Rc6 $1 $14) 34. Ne3 {[%emt 0:01:15] White is better.} Bh6 35. Nexd5 {[%emt 0:01:08] A dynamic duo of knights.} Rf7 {[%emt 0:00:16] [#]} 36. Qxg6+ (36. Qxe4 $2 {too greedy.} Qxe4 37. Rxe4 Bxd5 38. Nxd5 Rxd5 $19) 36... Nxg6 {[%emt 0:00:00] [#]} 37. Rxe4 {[%emt 0:00:39][%mdl 32768] Weighted Error Value: White=0.08 (flawless) /Black=0.13 (very precise) .  Mistake:       	White=2     	Black=3      Inaccurate:     	White=1     	Black=1      OK:         	White=12    	Black=12     Best:        	White=1     	Black=2      Strong:       	---       	Black=1     . Loss on time!?} 0-1

[Event "Grand Prix Romania 1st Stage 2024"]
[Site "Bucuresti"]
[Date "2024.03.24"]
[Round "7.2"]
[White "Mamedov, Rauf"]
[Black "Kozak, Adam"]
[Result "1/2-1/2"]
[ECO "C50"]
[WhiteElo "2651"]
[BlackElo "2607"]
[Annotator "TA"]
[PlyCount "61"]
[EventDate "2024.03.20"]
[EventType "swiss"]
[EventCountry "ROU"]
[SourceTitle "playchess.com"]
[Source "ChessBase"]
[SourceQuality "1"]
[TimeControl "900+5"]

1. e4 e5 2. Nf3 Nc6 3. Bc4 Bc5 4. Nc3 d6 5. Na4 Qf6 6. Nxc5 dxc5 7. c3 Nge7 8. d3 {[%emt 0:01:15] The position is equal.} Bg4 9. h3 Bh5 10. g4 Bg6 11. Be3 O-O-O $1 {[%emt 0:00:37] [#] And now ...Bxe4 would win.} 12. Qe2 (12. Bxc5 $2 {perishes.} Bxe4 13. g5 Qf5 $19 (13... Qxf3 $2 14. Qxf3 Bxf3 15. Rg1 $19)) (12. g5 $5 Qd6 $8 13. Nd2 $11) 12... Qd6 13. Nh4 a6 (13... f6 $11) 14. O-O-O ({White should play} 14. Nxg6 $16 Nxg6 15. Bxf7) 14... f6 (14... Na5 $1 $11) 15. Nf5 Bxf5 16. gxf5 {[%emt 0:00:01] Qg4 would now be deadly.} g6 17. Qf3 gxf5 18. exf5 Nd5 19. Rhg1 Nf4 20. Kb1 Kb8 21. Bb3 Na5 22. Bxf4 ({White should try} 22. d4 $14 cxd4 23. cxd4 (23. Bxf4 Nxb3 24. Bg3 Na5 $11) 23... Nxb3 24. dxe5 Qxe5 25. Qxf4 (25. Rxd8+ Rxd8 26. Qxf4 Qxf4 $16) 25... Qxf4 26. Bxf4) 22... exf4 {[%emt 0:00:05] Black is weak on the light squares} (22... Nxb3 $1 $11 23. axb3 exf4) 23. Be6 $14 Nc6 24. Qe4 Ne5 25. Qxf4 {[%emt 0:00:21] White is more active.} Nxd3 26. Qe3 {[%emt 0:00:43] [#] aiming for Rg3.} (26. Qxd6 {simplifies} Rxd6 27. Rg7 h5 28. h4) 26... b5 27. c4 {[%emt 0:00:02] Black must now prevent Rg3.} Qd4 $1 28. Qxd4 Rxd4 29. cxb5 axb5 30. Rd2 c4 (30... Kb7 $17) 31. Rg7 {[%emt 0:00:05] Weighted Error Value: White=0.19 (very precise) /Black=0.15 (very precise) .  Mistake:       	White=3     	Black=4      Inaccurate:     	White=4     	Black=1      OK:         	White=7     	Black=6      Best:        	---       	Black=3      Strong:       	---       	Black=2} (31. a4 $11 {remains equal.}) 1/2-1/2

[Event "Grand Prix Romania 1st Stage 2024"]
[Site "Bucuresti"]
[Date "2024.03.24"]
[Round "7.3"]
[White "Chigaev, Maksim"]
[Black "Motylev, Alexander"]
[Result "1/2-1/2"]
[ECO "C50"]
[WhiteElo "2617"]
[BlackElo "2611"]
[Annotator "TA"]
[PlyCount "33"]
[EventDate "2024.03.20"]
[EventType "swiss"]
[EventCountry "ROU"]
[SourceTitle "playchess.com"]
[Source "ChessBase"]
[SourceQuality "1"]
[TimeControl "900+5"]

1. e4 e5 2. Nf3 Nc6 3. Bc4 Nf6 4. d3 Bc5 5. a4 O-O 6. a5 a6 7. O-O d6 8. c3 Be6 9. Bxe6 fxe6 10. Be3 (10. b4 $5 Ba7 $8 11. Qb3 $11) 10... Bxe3 {[%emt 0:00:50] The position is equal.} 11. fxe3 Qd7 12. Nbd2 h6 13. d4 exd4 14. exd4 e5 15. dxe5 Nxe5 16. Nxe5 dxe5 17. Qb3+ {[%emt 0:00:00] Not much happened in this game.   Weighted Error Value: White=0.02 (flawless) /Black=0.04 (flawless) .  OK:         	White=3     	Black=3} 1/2-1/2

[Event "Grand Prix Romania 1st Stage 2024"]
[Site "Bucuresti"]
[Date "2024.03.24"]
[Round "7.4"]
[White "Stoleriu, George"]
[Black "Ponomariov, Ruslan"]
[Result "1/2-1/2"]
[ECO "B52"]
[WhiteElo "2391"]
[BlackElo "2646"]
[Annotator "TA"]
[PlyCount "112"]
[EventDate "2024.03.20"]
[EventType "swiss"]
[EventCountry "ROU"]
[SourceTitle "playchess.com"]
[Source "ChessBase"]
[SourceQuality "1"]
[TimeControl "900+5"]

1. e4 c5 2. Nf3 d6 3. Bb5+ Bd7 4. Bxd7+ Nxd7 5. O-O Ngf6 6. Qe2 e6 7. b3 Be7 8. Bb2 O-O 9. c4 a6 10. Nc3 {[%emt 0:00:08] B52: Sizilianisch (Rossolimo-Variante).} Ne5 11. Rfd1 Nxf3+ 12. Qxf3 Qb6 $146 ({Predecessor:} 12... b5 13. cxb5 axb5 14. Nxb5 d5 15. exd5 Qxd5 16. Qxd5 Nxd5 17. d4 Rfc8 18. dxc5 Bxc5 {1-0 Tomov,G (2267)-Rene,B (2254) FICGS class M 000009 email 2007 (1)}) 13. h3 Rfd8 14. Qe3 Rac8 15. d4 cxd4 16. Qxd4 Qa5 17. Qd2 Qc5 18. Rac1 h6 19. Qd4 Qxd4 20. Rxd4 Nd7 21. Rcd1 Nc5 22. R4d2 b6 23. f3 Kf8 24. Kf2 Ke8 25. Ke3 g6 26. f4 Rb8 27. Ba3 Rdc8 28. Ne2 b5 29. cxb5 axb5 (29... Nxe4 $5 30. Kxe4 d5+ 31. Kd3 Bxa3 32. bxa6 Ra8 $16) 30. Rc1 {[%emt 0:00:04] [#]} (30. Bb2 $11 {bleibt in der Remisbreite.}) 30... b4 (30... Nxe4 $1 $17 31. Kxe4 (31. Rxc8+ Rxc8 32. Kxe4 d5+ 33. Kd3 Bxa3 $19) 31... d5+ 32. Kd3 Bxa3 33. Rxc8+ Rxc8) 31. Bb2 $11 f5 32. exf5 gxf5 33. Rdc2 h5 34. Bd4 Kf7 35. Bxc5 dxc5 36. Ng1 e5 37. Nf3 e4 38. Ne5+ Ke6 39. g4 hxg4 40. hxg4 Rh8 41. gxf5+ Kxf5 42. Nc6 Rh3+ 43. Ke2 Rb7 44. Nxe7+ Rxe7 45. Rxc5+ Kxf4 46. Rf1+ Rf3 47. Rh1 Ra7 48. Rc2 Re3+ 49. Kf2 $1 Rc3 50. Rh4+ Kf5 51. Re2 Rf3+ 52. Ke1 Re7 53. Rh5+ Kf4 54. Rh4+ Kf5 55. Rh5+ Kf4 56. Rh4+ Kf5 1/2-1/2

[Event "Grand Prix Romania 1st Stage 2024"]
[Site "Bucuresti"]
[Date "2024.03.24"]
[Round "7.5"]
[White "Shuvalova, Polina"]
[Black "Deac, Bogdan-Daniel"]
[Result "0-1"]
[ECO "B12"]
[WhiteElo "2455"]
[BlackElo "2690"]
[Annotator "TA"]
[PlyCount "96"]
[EventDate "2024.03.20"]
[EventType "swiss"]
[EventCountry "ROU"]
[SourceTitle "playchess.com"]
[Source "ChessBase"]
[SourceQuality "1"]
[TimeControl "900+5"]

1. e4 c6 2. d4 d5 3. e5 Bf5 4. Nf3 e6 5. Be2 Nd7 6. O-O a5 {[%emt 0:00:01] B12: Caro-Kann: Advance Variation.} 7. a4 f6 8. exf6 Qxf6 9. Bg5 Qf7 10. Nbd2 $146 ({Predecessor:} 10. Bd3 Bg4 11. Nbd2 Bd6 12. Re1 Ngf6 13. h3 Bxf3 14. Nxf3 O-O 15. Bh4 h6 16. Bg3 Bxg3 17. fxg3 {0-1 Tiglon,B (2489)-Eren,A (2330) Ayvalik Walnut 2023 (5.4)}) 10... Bd6 11. c3 Ne7 12. Qb3 Rb8 13. Nh4 O-O 14. Nxf5 Qxf5 15. Bxe7 Bxe7 16. f4 Bd6 17. g3 (17. Kh1 $11) 17... g5 $17 18. Qd1 gxf4 19. Bg4 Qg6 20. Qe2 {[%emt 0:00:03] [#]} Rf6 $1 (20... fxg3 $2 21. Qxe6+ (21. Bxe6+ Kh8 $11) 21... Kh8 22. Qxg6 (22. Qxd7 $2 gxh2+ 23. Kh1 Rxf1+ 24. Rxf1 Rg8 $19) 22... gxh2+ 23. Kg2 (23. Kh1 hxg6 24. Bxd7 Kg7 $18) 23... hxg6 24. Bxd7 $18) 21. Kh1 Kh8 ({Much worse is} 21... fxg3 $6 22. Rxf6 g2+ 23. Kg1 Qxf6 (23... Nxf6 $2 24. Qxe6+ Kh8 25. Qxd6 $18) 24. Bxe6+ (24. Qxe6+ Kh8 $11) 24... Kh8 25. Bxd7 $11) 22. gxf4 Bxf4 23. Nb3 (23. Rg1 $17) 23... b6 24. Rg1 Qh6 25. Rg2 (25. Raf1 $142) 25... Rbf8 26. Rf1 Rg6 27. Rf3 Rff6 (27... Nf6 $142 28. Rh3 Qg7) 28. Rh3 $19 Qg7 29. Bh5 Rxg2 30. Qxg2 Qxg2+ 31. Kxg2 Kg7 32. Bg4 (32. Be8 $17 Nb8 33. Bh5) 32... Nf8 33. Rf3 Ng6 34. Rf2 Kf7 35. Na1 (35. Be2 {keeps fighting.}) 35... e5 36. dxe5 (36. Nc2 $142) 36... Nxe5 $19 37. Bh5+ Ke7 38. Be2 Bc1 39. Rxf6 Kxf6 40. b4 Bb2 41. bxa5 bxa5 (41... Bxa1 $2 {perishes.} 42. a6 $18) 42. Nb3 Bxc3 43. Ba6 Ke7 44. Kg3 Kd6 45. Kf4 (45. Nc1 $142) 45... c5 $19 46. Kf5 c4 47. Nc1 Nc6 48. Kg5 Bd2+ 0-1